cohdb
Replays
Latest Replays
All Replays
Popular Replays
Top Player Replays
Match Explorer
How It Works
Community
CoH3 Stats
Reddit
Sign in to upload your games and track your stats! →
Sign in with Steam
Match 28454903
Unlisted
Match 28454903
Overview
Messages
Build Orders
End
Scout Squad
Construct Barracks
Riflemen Squad
Riflemen Squad
Riflemen Squad
Mechanized Support Center
Construct Medical Station
Construct Motor Pool
M8 Greyhound Armored Car
Grenade Package
M8 Greyhound Armored Car
Riflemen Squad
Designate Forward Repair Station
M1918 Browning Automatic Rifles
Selects Special Operations Battlegroup
Selects Raiding Flares
Selects SSF Commando Squad
SSF Commando Squad
Selects M29 Weasel with M1 Pack Howitzer
Construct Tank Depot
M1 Anti-tank Gun Team
Selects P-47 Anti-Infantry Loiter
M4A1 Sherman Medium Tank
M1 Anti-tank Gun Team
Engineer Squad
Euan
^3
0
0
Comments
sign in to comment!
No comments posted yet!